Map: 파라 사이트 - 래더

Players

INnoVation - Winner!

  • Race: Terran Terran
  • League: Grandmaster
  • Spawn Location: 11:00

lllllllllll (sOs)

  • Race: Protoss Protoss
  • League: Master
  • Spawn Location: 5:00

Event: IEM Season 13 - Katowice Server Qualifiers America

VOD

Have the link to the VOD?

Description

Time

  • Played on: Jan. 6, 2019, 5:58 p.m.
  • Length: 9:16

All games in this series

Show
View Real Time Build Order
Export as new Build Order

INnoVation Terran - Winner!

Build Orders: Gas First Reaper Expand 

Get SALT Encoding   

  12  0:00  SCV  
  13  0:12  SCV  
  14  0:17  Supply Depot  
  14  0:24  SCV  
  14  0:28  Refinery  
  15  0:38  SCV  
  16  0:44  Barracks  
  16  0:50  SCV  
  17  1:02  SCV  
  18  1:15  SCV  
  19  1:30  Orbital Command  
  19  1:31  Reaper  
  20  1:40  Command Center  
  20  1:51  Factory  
  20  1:56  SCV  
  21  2:05  Barracks Reactor  
  21  2:08  SCV  
  22  2:11  Supply Depot  
  22  2:13  Refinery  
  22  2:20  SCV  
  23  2:34  SCV  
  23  2:35  Hellion  
  26  2:40  Starport  
  26  2:41  Marine x2  
  28  2:46  SCV  
  29  2:53  Orbital Command  
  29  2:56  Factory Tech Lab  
  29  2:58  SCV  
  30  3:00  Marine  
  30  3:01  Marine  
  32  3:10  SCV  
  33  3:18  Marine x2  
  35  3:20  SCV  
  35  3:22  SCV  
  35  3:23  Raven  
  35  3:24  Supply Depot  
  41  3:36  Marine x2  
  41  3:38  SCV x2  
  43  3:42  Factory Tech Lab  
  43  3:45  Supply Depot  
  41  3:50  SCV x2  
  41  3:54  Marine x2  
  45  3:57  Bunker  
  45  4:01  Siege Tank  
  49  4:02  SCV  
  49  4:03  SCV  
  49  4:08  Banshee, Supply Depot  
  53  4:12  Marine x2  
  53  4:15  SCV x2  
  57  4:18  Supply Depot  
  56  4:27  SCV x2  
  56  4:30  Marine x2  
  60  4:33  Siege Tank  
  62  4:39  SCV x2  
  63  4:49  Command Center  
  63  4:51  SCV x2  
  67  4:56  Barracks  
  65  5:02  Barracks  
  65  5:03  Marine, SCV  
  65  5:04  SCV, Stimpack  
  68  5:10  Refinery x2, Engineering Bay  
  68  5:13  Supply Depot  
  68  5:15  SCV  
  68  5:16  SCV  
  69  5:21  Marine  
  69  5:26  Barracks  
  69  5:28  SCV x2  
  71  5:37  Terran Infantry Weapons Level 1  
  71  5:39  Barracks, Factory Reactor  
  71  5:40  Marine, Starport Reactor  
  71  5:41  SCV x2  
  74  5:45  Marine x2  
  76  5:51  Bunker  
  76  5:54  Bunker  
  75  5:57  Barracks Tech Lab  
  75  5:58  Marauder  
  75  6:02  Marine  
  75  6:03  Marine  
  76  6:09  Orbital Command  
  76  6:14  Bunker  
  75  6:19  Marauder  
  75  6:20  Combat Shield  
  75  6:21  Marine x2, Marauder x2  
  75  6:24  Widow Mine x2  
  87  6:25  Medivac x2  
  87  6:29  Barracks Reactor  
  87  6:31  Supply Depot  
  87  6:32  Supply Depot  
  90  6:42  Marine, Marauder x2  
  90  6:43  Marauder  
  90  6:44  Marine  
  100  6:47  Widow Mine  
  100  6:49  Supply Depot x2  
  100  6:51  Supply Depot  
  100  6:53  Widow Mine  
  102  6:59  Medivac x2  
  102  7:01  Marine  
  107  7:02  Marine  
  107  7:03  Supply Depot  
  107  7:06  Concussive Shells  
  107  7:07  Marine x2  
  110  7:13  Marauder x2  
  110  7:14  Marauder  
  116  7:17  Widow Mine  
  116  7:18  Orbital Command  
  116  7:20  Widow Mine  
  120  7:23  Marine x2  
  120  7:25  Marine x2  
  120  7:28  Supply Depot  
  124  7:31  Supply Depot  
  124  7:34  Medivac  
  124  7:39  Medivac  
  124  7:42  Widow Mine x2  
  130  7:46  Marine  
  130  7:47  Marine x2  
  130  7:48  Marine  
  130  7:50  Marauder  
  136  8:03  Widow Mine x2  
  140  8:10  Marauder x2  
  140  8:11  Marine x4, Marauder  
  146  8:22  Medivac  
  146  8:23  Medivac  
  146  8:24  Widow Mine  
  146  8:25  Widow Mine  
  148  8:33  Marauder  
  148  8:34  Marauder  
  126  8:35  Marine  
  126  8:36  Marine x2  
  116  8:46  Widow Mine x2  
  115  8:49  Marauder  
  115  8:54  Marine x4  
  115  8:55  Marauder  
Show
View Real Time Build Order
Export as new Build Order

lllllllllll Protoss 

Build Orders: 1 Gate Expand, Blink Stalkers 

Get SALT Encoding   

  12  0:00  Probe  
  13  0:12  Probe  
  14  0:18  Pylon  
  14  0:24  Probe  
  15  0:32  Probe  
  15  0:37  Gateway  
  15  0:40  Probe  
  16  0:45  Assimilator  
  17  0:51  Probe  
  18  1:03  Probe  
  19  1:15  Probe  
  20  1:20  Nexus  
  20  1:31  Cybernetics Core  
  21  1:32  Probe  
  21  1:37  Assimilator  
  21  1:45  Probe  
  22  1:48  Pylon  
  22  1:57  Probe  
  22  1:58  Adept  
  23  2:07  Warp Gate  
  25  2:09  Probe  
  25  2:15  Twilight Council  
  26  2:21  Probe  
  27  2:25  Stalker  
  27  2:28  Probe  
  27  2:29  Blink  
  29  2:30  Probe  
  29  2:37  Probe  
  31  2:38  Probe  
  33  2:46  Probe  
  33  2:47  Probe  
  35  2:58  Probe  
  35  3:00  Probe  
  37  3:07  Gateway  
  37  3:11  Gateway  
  37  3:13  Probe  
  37  3:15  Probe  
  39  3:20  Stalker  
  39  3:25  Probe  
  42  3:27  Probe  
  40  3:43  Probe x2  
  40  3:44  Robotics Facility  
  42  3:54  Pylon  
  42  3:56  Probe x2  
  44  4:09  Probe x2  
  46  4:12  Stalker x3  
  52  4:19  Pylon  
  52  4:24  Nexus  
  52  4:28  Probe x2  
  54  4:37  Charge, Observer  
  56  4:45  Probe  
  56  4:46  Probe  
  56  4:48  Warp Prism  
  56  4:50  Gateway x2  
  56  4:51  Gateway  
  59  5:01  Gateway  
  59  5:04  Stalker  
  61  5:08  Gateway  
  61  5:11  Pylon  
  61  5:29  Probe x2  
  61  5:31  Sentry, Zealot x2  
  61  5:34  Observer  
  70  5:36  Probe  
  70  5:41  Pylon  
  70  5:42  Probe  
  72  5:45  Pylon  
  72  5:46  Stalker x3  
  75  5:56  Observer  
  69  6:00  Warp Prism  
  69  6:02  Probe x3  
  74  6:10  Forge  
  74  6:12  Forge  
  74  6:19  Probe x3  
  77  6:27  Templar Archives  
  77  6:28  Protoss Ground Weapons Level 1, Protoss Ground Armor Level 1  
  77  6:30  Assimilator  
  77  6:35  Assimilator  
  77  6:38  Probe x3  
  80  6:43  Zealot x8  
  96  6:48  Psionic Storm  
  96  6:52  Observer, Pylon  
  96  7:01  Observer  
  96  7:04  Probe  
  96  7:05  Pylon  
  96  7:06  Zealot, Pylon  
  96  7:07  Zealot  
  101  7:11  Observer  
  101  7:20  High Templar  
  101  7:21  Zealot x3  
  109  7:36  Observer  
  109  7:37  High Templar  
  109  7:38  Probe, Zealot x3  
  109  7:40  Pylon  
  109  7:41  Pylon  
  109  7:43  Pylon  
  118  7:54  Pylon, Stalker x3  
  124  8:01  Zealot  
  124  8:02  Zealot x3  
  130  8:09  Warp Prism  
  130  8:11  Zealot  
  130  8:17  Zealot x3  
  130  8:31  Zealot x5  
  80  8:49  Zealot x3  
  80  8:51  Zealot x4  
  80  8:52  Zealot  
  96  8:59  Probe x3  

Tags
 
Add a new tag
Caveats
  • Supply blocks, unpowered buildings, or Contaminate may cause inaccurate times.
  • Supply counts are checked every 10 seconds.